 Dungeon Crawl Stone Soup version 0.30-a0-760-g5a9884bb7c (webtiles) character file.

Game seed: 1821647305002971927

1838 bmack86 the Cleaver (level 8, -1/71 HPs)
             Began as a Minotaur Fighter on Feb 11, 2023.
             Slain by a two-headed ogre
             ... wielding a +0 giant club
              (9 damage)
             ... on level 6 of the Dungeon.
             The game lasted 00:17:56 (4659 turns).

bmack86 the Cleaver (Minotaur Fighter)              Turns: 4659, Time: 00:17:57

Health: -1/71      AC: 23    Str: 22    XL:     8   Next: 87%
Magic:  7/7        EV:  6    Int: 14    God:
Gold:   362        SH:  5    Dex: 11    Spells: 7/7 levels left

rFire   + . .      SeeInvis .    a - +1 war axe (protect)
rCold   x . .      Faith    .    c - +0 buckler
rNeg    + . .      Spirit   .    B - +0 plate armour
rPois   .          Reflect  .    (helmet restricted)
rElec   .          Harm     .    e - +0 cloak
rCorr   .          Rampage  .    h - +0 pair of gloves
Will    .....                    l - +0 pair of boots Stlth
                                 (no amulet)
HPRegen 0.31/turn                y - ring of fire
MPRegen 0.10/turn                C - ring "Ladol" {Fly rN+ Will- Int+9}

@: under a protective aura, flying
A: horns 2, retaliatory headbutt
a: no special abilities


You were on level 6 of the Dungeon.
You visited 1 branch of the dungeon, and saw 6 of its levels.

You collected 362 gold pieces.

Inventory:

Hand Weapons
 a - a +1 war axe of protection (weapon)
Missiles
 j - 4 boomerangs (quivered)
 n - 6 throwing nets
 o - 5 curare-tipped darts
 w - 2 silver javelins
 A - 10 poisoned darts
Armour
 b - a +0 scale mail
 c - a +0 buckler (worn)
 e - a +0 cloak (worn)
 h - a +0 pair of gloves (worn)
 l - a +0 pair of boots (worn)
 t - a +0 chain mail
 B - a +0 plate armour (worn)
Jewellery
 y - a ring of fire (left hand)
 C - the ring "Ladol" (right hand) {Fly rN+ Will- Int+9}
   (You found it on level 5 of the Dungeon)

   [ring of positive energy]

   Int:       It affects your intelligence (+9).
   rN:        It protects you from negative energy.
   Fly:       It grants you flight.
   Will:      It decreases your willpower.
Wands
 m - a wand of flame (31)
 p - a wand of roots (12)
 q - a wand of mindburst (7)
Scrolls
 k - a scroll of vulnerability
 r - a scroll of fear
 s - a scroll of brand weapon
 x - a scroll of teleportation
 E - a scroll of torment {unknown}
Potions
 d - 2 potions of might
 f - 5 potions of curing
 g - 3 potions of lignification
 i - 3 potions of heal wounds
 u - a potion of invisibility
 v - a potion of magic {unknown}
 z - a potion of cancellation
 D - a potion of ambrosia {unknown}


   Skills:
 + Level 6.7 Fighting
 * Level 8.4 Axes
 + Level 4.0 Throwing
 + Level 6.8 Armour
 + Level 6.7 Shields


You had 7 spell levels left.
You didn't know any spells.
Your spell library was empty.

Dungeon Overview and Level Annotations

Branches:
Dungeon (6/15)
 Temple: D:4-7

Altars:
Hepliaklqana
Ru


Innate Abilities, Weirdness & Mutations

You have a pair of horns on your head.
You reflexively headbutt those who attack you in melee.


Message History

There is an open door here.
You reach down and open the door.
There is an open door here.
You reach down and open the door.
There is an open door here.
As you open the door, it creaks loudly!
There is an open door here.
There is an open door here.
There is an open door here.
You reach down and open the door.
There is an open door here.
A two-headed ogre comes into view.
It is wielding a +0 giant club and a +0 dire flail.
You throw a boomerang. The boomerang hits the two-headed ogre!
The two-headed ogre is lightly wounded.
You throw a boomerang. The boomerang hits the two-headed ogre!
The two-headed ogre is moderately wounded.
The two-headed ogre hits you with a +0 giant club!!
The two-headed ogre hits you with a +0 dire flail.
You hit the two-headed ogre.
Your weapon exudes an aura of protection.
The two-headed ogre is moderately wounded.
The two-headed ogre barely misses you.
The two-headed ogre hits you but does no damage.
You hit the two-headed ogre.
The two-headed ogre is heavily wounded.
The two-headed ogre hits you with a +0 giant club!
The two-headed ogre barely misses you.
You barely miss the two-headed ogre.
The two-headed ogre is heavily wounded.
You slash the two-headed ogre!
The two-headed ogre is heavily wounded.
The two-headed ogre hits you with a +0 giant club!
* * * LOW HITPOINT WARNING * * *
The two-headed ogre hits you with a +0 dire flail.
* * * LOW HITPOINT WARNING * * *
You slash the two-headed ogre!
The two-headed ogre is severely wounded.
The two-headed ogre closely misses you.
The two-headed ogre hits you with a +0 dire flail!
You die...

...# #.....# ...# #.....# #....#
...# #.....####....# ...#
#.....+..#....# #####.. ...#
#.....#..#....# #.....# ...#
#.....#..#....+ #.....# ...#
#.....#..#....# #.....# ...#
#.....#'##O...# #.....# ####
####......@...# #.....####
#......##### #....... #......# ..
#..<.... ##########......#...
#....... ................#..
#....... ................'. .
#.......
................######'###.......
....................(....####.)..
.........................# #...)


You could see a two-headed ogre.

Vanquished Creatures
  Pikel (D:6)
  Eustachio (D:4)
  An ice beast (D:5)
  An ogre (D:6)
  A centaur (D:5)
  2 phantoms (D:6)
  A gnoll sergeant (D:6)
  2 scorpions
  A howler monkey (D:5)
  A hound (D:6)
  A jelly (D:4)
  An orc priest (D:4)
  5 iguanas
  3 orc wizards (D:3)
  10 gnolls
  12 adders
  A white imp (D:5)
  2 ufetubi (D:4)
  A worm (D:4)
  A dart slug (D:1)
  23 orcs
  7 bats
  5 endoplasms
  5 giant cockroaches
  6 hobgoblins
  6 kobolds
  4 quokkas
  5 ball pythons
  3 frilled lizards
  10 goblins
  6 rats
129 creatures vanquished.

Vanquished Creatures (others)
  3 plants (D:2)
3 creatures vanquished.

Grand Total: 132 creatures vanquished

Notes
Turn   | Place    | Note
-------+----------+-------------------------------------------
     0 | D:1      | bmack86 the Minotaur Fighter began the quest for the Orb.
     0 | D:1      | Reached XP level 1. HP: 19/19 MP: 0/0
    78 | D:1      | Found a faded altar of an unknown god.
   165 | D:1      | Reached XP level 2. HP: 27/27 MP: 1/1
   226 | D:1      | Reached skill level 3 in Axes
   715 | D:2      | Reached XP level 3. HP: 29/33 MP: 2/2
  1255 | D:2      | Reached XP level 4. HP: 40/40 MP: 3/3
  1535 | D:3      | Reached skill level 4 in Axes
  1644 | D:3      | You fall into a shaft and drop 2 floors!
  1644 | D:5      | Entered Level 5 of the Dungeon
  1650 | D:5      | Noticed an ice beast
  1657 | D:5      | Killed an ice beast
  1658 | D:5      | Reached skill level 1 in Throwing
  1658 | D:5      | Reached XP level 5. HP: 29/47 MP: 4/4
  1785 | D:5      | Noticed a centaur
  1794 | D:5      | Killed a centaur
  1795 | D:5      | Reached skill level 5 in Axes
  1795 | D:5      | Reached XP level 6. HP: 49/55 MP: 5/5
  1966 | D:3      | Reached skill level 5 in Fighting
  1968 | D:3      | Reached skill level 5 in Armour
  2073 | D:3      | Reached skill level 5 in Shields
  2566 | D:4      | Reached XP level 7. HP: 61/61 MP: 6/6
  2630 | D:4      | Found a faded altar of an unknown god.
  2696 | D:4      | Found a large runed translucent door.
  2697 | D:4      | Found a large runed translucent door.
  2709 | D:4      | Found a hazy altar of Hepliaklqana.
  2716 | D:4      | Found a sacrificial altar of Ru.
  3108 | D:4      | Reached skill level 6 in Axes
  3154 | D:4      | Noticed Eustachio
  3193 | D:4      | Killed Eustachio
  3539 | D:5      | Identified the ring "Ladol" {Fly rN+ Will- Int+9}
  3972 | D:6      | Reached XP level 8. HP: 63/70 MP: 7/7
  3975 | D:6      | Reached skill level 7 in Axes
  4431 | D:6      | Noticed Pikel
  4439 | D:6      | Killed Pikel
  4440 | D:6      | Reached skill level 8 in Axes
  4651 | D:6      | Noticed a two-headed ogre
  4659 | D:6      | Slain by a two-headed ogre

Illustrated notes

Levels and vault maps discovered:
D:1:      spicycebolla_arrival_xxxplode, layout_basic,
          hellmonk_ecumenical_altar_heavens_door,
          nicolae_concentric_dashed_squares_wild
D:2:      layout_basic, serial_bayou_pond_a
D:3:      layout_loops_ring
D:4:      layout_cave_pods, jmf_multi_god_temple2, serial_column_ruins,
          column_ruins_temple_circle, column_ruins_hut,
          column_ruins_open_tiny_water, column_ruins_grid_2,
          column_ruins_open_large, column_ruins_open_tiny, uniq_eustachio
D:5:      layout_loops_cross
D:6:      layout_gridville, grunt_ministairs_11, nicolae_fountain_basement,
          uniq_pikel

Skill      XL: |  1  2  3  4  5  6  7  8 |
---------------+-------------------------+-----
Axes           | 3 4 5 6 8 |  8.4
Fighting       | 4 5 6 |  6.7
Armour         | 4 5 6 |  6.8
Shields        | 4 5 6 |  6.7
Throwing       | 1 2 3 4 |  4.0

Action                     |  1- 3 |  4- 6 |  7- 9 || total
---------------------------+-------+-------+-------++-------
  Melee: War axe           |    71 |   131 |   139 ||   341
         Headbutt          |     5 |    16 |    21 ||    42
  Throw: Boomerang         |       |       |    13 ||    13
    Use: Scroll            |     2 |     7 |     6 ||    15
 Armour: Scale mail        |    77 |    44 |       ||   121
         Chain mail        |       |    47 |    49 ||    96
         Plate armour      |       |       |    81 ||    81
  Dodge: Dodged            |    53 |    55 |    51 ||   159
  Block: Buckler           |    23 |    27 |    49 ||    99

Table legend: (Time is in decaauts)
 A = Elapsed time spent in this place.
 B = Non-inter-level travel time spent in this place.
 C = Inter-level travel time spent in this place.
 D = Time resting spent in this place.
 E = Time spent auto-exploring this place.
 F = Levels seen in this place.
 G = Mean time per level.
                   A        B        C        D        E       F      G
               +--------+--------+--------+--------+--------+-----+--------+
         Total |   4755 |   4630 |    125 |     47 |   2788 |   6 |  792.5 |
       Dungeon |   4755 |   4630 |    125 |     47 |   2788 |   6 |  792.5 |
               +--------+--------+--------+--------+--------+-----+--------+

Top non-repeatable levels by time:
     D:4: 943 daAuts
     D:2: 894 daAuts
     D:3: 772 daAuts
     D:6: 761 daAuts
     D:5: 739 daAuts
     D:1: 644 daAuts
